 Dungeon Crawl Stone Soup version 0.16-a0-2059-gf848859 (webtiles) character file.

320760 ztt the Executioner (level 20, -7/202 HPs)
             Began as a Minotaur Fighter on Nov 11, 2014.
             Was the Champion of Okawaru.
             Mangled by a caustic shrike (18 damage)
             ... on level 4 of the Depths.
             The game lasted 01:34:49 (33027 turns).

ztt the Executioner (Minotaur Fighter)             Turns: 33027, Time: 01:34:50

Health: -7/202     AC:  6    Str: 33    XL:     20   Next: 24%
Magic:  0/27       EV:  8    Int:  9    God:    Okawaru [******]
Gold:   719        SH:  0    Dex: 21    Spells: 0 memorised, 19 levels left

rFire  + + .     SeeInvis .     K - +1 battleaxe (vamp)
rCold  . . .     Clarity  .     I - +10 plate armour of the Blacksmith {Str+3 Dex+2} (curse)
rNeg   . . .     SustAb   .     (no shield)
rPois  +         Gourm    .     S - +0 hat {MR+}
rElec  .         Spirit   +     p - +0 cloak "Yfak" {rF++}
rCorr  .         Warding  .     P - +1 pair of gloves
rMut   .         Stasis   .     n - +1 pair of boots "Padusab" {Str+3 Int+4}
MR     ++...                    Y - amulet of guardian spirit
Stlth  ..........               y - ring of poison resistance
                                x - +6 ring of dexterity

@: about to teleport, finesse, corroded equipment, very resistant to hostile
enchantments, extremely unstealthy
A: retaliatory headbutt, horns 2, forlorn
a: Heroism, Finesse, Renounce Religion
}: 3/15 runes: decaying, silver, gossamer


You were on level 4 of the Depths.
You worshipped Okawaru.
Okawaru was exalted by your worship.
You were near starving.

You visited 7 branches of the dungeon, and saw 46 of its levels.
You visited the Abyss 1 time.

You collected 3021 gold pieces.
You spent 2302 gold pieces at shops.

Inventory:

Hand weapons
 u - the +2 executioner's axe "Dosiyck" {chop, rElec rF- MR++}
   (Okawaru gifted it to you on level 5 of the Lair of Beasts)

   It inflicts extra damage upon your enemies.
   It makes you vulnerable to fire.
   It insulates you from electricity.
   It affects your resistance to hostile enchantments.
 K - a +1 vampiric battleaxe (weapon)
 O - a +3 dire flail
Armour
 k - a +1 pair of boots of flying
 n - the +1 pair of boots "Padusab" (worn) {Str+3 Int+4}
   (You bought it in a shop on level 14 of the Dungeon)

   It affects your strength (+3).
   It affects your intelligence (+4).
 p - the +0 cloak "Yfak" (worn) {rF++}
   (You bought it in a shop on level 4 of the Orcish Mines)

   It greatly protects you from fire.
 I - the cursed +10 plate armour of the Blacksmith (worn) {Str+3 Dex+2}
   (You bought it in a shop on level 4 of the Orcish Mines)

   It affects your strength (+3).
   It affects your dexterity (+2).
   It has a curse placed upon it.
 P - a +1 pair of gloves (worn)
 S - a +0 hat of magic resistance (worn)
Jewellery
 h - an uncursed ring of teleportation
 x - a +6 ring of dexterity (left hand)
 y - a ring of poison resistance (right hand)
 V - an uncursed ring of protection from fire
 Y - an amulet of guardian spirit (around neck)
Magical devices
 a - a wand of slowing (31)
 c - a wand of lightning (6)
 e - a wand of invisibility (5)
 i - a wand of disintegration (10)
 j - a wand of fire (5)
 A - a wand of flame (27)
 C - a wand of disintegration (7)
 D - a wand of polymorph (10)
 E - a wand of flame (31)
 G - a wand of confusion (28)
 H - a wand of random effects (22)
 L - a wand of digging (10)
 M - a wand of disintegration (10)
 R - a wand of random effects (11)
 U - a wand of polymorph (5)
Scrolls
 f - 10 scrolls of enchant armour
 o - 5 scrolls of blinking
 q - 5 scrolls of fear
 r - 11 scrolls of remove curse
 s - a scroll of magic mapping
 B - 7 scrolls of fog
 F - 3 scrolls of identify
 T - a scroll of teleportation
 Z - a scroll of recharging
Potions
 b - 4 potions of agility
 l - 3 potions of restore abilities
 m - 4 potions of flight
 v - a potion of invisibility
 w - a potion of porridge
 z - a potion of resistance
 J - 2 potions of curing
 N - 2 potions of berserk rage
 Q - a potion of magic
 W - 3 potions of heal wounds
 X - 2 potions of brilliance
Books
 t - a Necronomicon {highlevel, unknown}

   This book is beyond your current level of understanding.

   Spells                             Type                      Level
   Haunt                              Necromancy/Summoning         7
   Borgnjor's Revivification          Necromancy                   8
   Death's Door                       Charms/Necromancy            8
   Necromutation                      Transmutation/Necromancy     8
Comestibles
 d - 7 bread rations
 g - 7 meat rations


   Skills:
 + Level 22.5 Fighting
 + Level 26.0 Axes
 + Level 18.9 Armour
   Level 3.6 Shields
 * Level 9.4 Invocations
 + Level 5.1 Evocations


You had 19 spell levels left.
You didn't know any spells.

Dungeon Overview and Level Annotations

Branches:
Dungeon (15/15)            Temple (0/1) D:6            Lair (8/8) D:9
  Swamp (5/5) Lair:4       Spider (5/5) Lair:5        Slime (0/6) Lair:6
    Orc (4/4) D:9          Vaults (5/5) D:14         Depths (4/5) D:15
    Elf: Orc:3-4      Crypt: Vaults:2-3

Altars:
Ashenzari
Dithmenos
Fedhas
Nemelex Xobeh
Okawaru
Sif Muna
Trog
Vehumet
The Shining One
Beogh
Jiyva

Shops:
D:9 =   D:14 [   Orc:4 ([[?   Vaults:2 *   Vaults:3 (

Portals:
Abyss: Depths:4
Pandemonium: Depths:3
Trove: D:14 (give +5 ice dragon armour)

Annotations:
Lair:6 exclusion: oklob plant


Innate Abilities, Weirdness & Mutations

You reflexively headbutt those who attack you in melee.
You have a pair of horns on your head.
You have difficulty communicating with the divine.


Message History

Read which item? (? for menu, Esc to quit)
As you read the scroll of teleportation, it crumbles to dust.
You feel strangely unstable.
The caustic shrike claws you but does no damage.
The caustic shrike barely misses you. The golden dragon bites you.
* * * LOW HITPOINT WARNING * * *
The golden dragon claws you.
The golden dragon tramples you but does no damage.
The caustic shrike claws you!!
* * * LOW HITPOINT WARNING * * *
You are splashed with acid!
The acid burns!
* * * LOW HITPOINT WARNING * * *
The caustic shrike completely misses you.
The caustic shrike claws you.
* * * LOW HITPOINT WARNING * * *
You are splashed with acid!
The acid burns!
* * * LOW HITPOINT WARNING * * *
The caustic shrike is engulfed in poison gas.
The caustic shrike is poisoned.
The caustic shrike claws you!!
You die...

#⌠.##''## D'##.⌠..##'' #8.##''##
#''##.⌠..##[' .#.#....#
....#....#... ...#..8.#
....#....#... ())#:..)#
....#....').. .(###.†)##
##X..###'..'..#
#)(.#.)))##########C'..#..'###.##
....###)'...§##§.D.''###....#....
#†[..###....§§§§@bD.###.?..##..#.
'.)...##....§§§..b..##..#..#..##.
(#.....###..§##§..###...#.##.. .#
.##......##########...##.##... .
)###.....#........#.....## ..#
''###...''....8...'†...##
''..###.#..........#.###
#.....###..........###
#.......############


You could see a shadow dragon, a tentacled monstrosity, a titan, 2 caustic
shrikes and a golden dragon.

Vanquished Creatures
  the Lernaean hydra (Swamp:5)
  A caustic shrike (Depths:4)
  A golden dragon (Depths:4)
  Frederick (Vaults:2)
  A bone dragon (Abyss:1)
  Arachne (Spider:5)
  A lich (Vaults:3)
  3 tentacled monstrosities
  A quicksilver dragon (Vaults:5)
  2 titans (Vaults:5)
  A sphinx (Vaults:5)
  Rupert (Lair:3)
  A tentacled starspawn (Abyss:1)
  4 shadow dragons
  4 fire giants
  2 storm dragons
  4 tengu reavers (Vaults:5)
  6 vault wardens
  Donald (Swamp:3)
  4 frost giants
  An iron dragon (Vaults:5)
  Aizul (Spider:5)
  Louise (D:15)
  An orc warlord (Orc:4)
  7 ghost moths
  5 emperor scorpions
  6 very ugly things
  2 spriggan defenders (Depths:4)
  A war gargoyle (Vaults:5)
  8 stone giants
  3 dire elephants
  Azrael (D:14)
  A deep elf annihilator (Vaults:5)
  Snorg (Lair:4)
  A deep elf death mage (Vaults:5)
  A minotaur (Depths:3)
  Josephine (D:15)
  7 ettins
  4 ironheart preservers
  4 great orbs of eyes
  2 rakshasas
  5 yaktaur captains
  3 fire dragons
  28 vault guards
  Fannar (Lair:1)
  14 hydras
  6 ice dragons
  A tengu warrior (D:14)
  2 spriggan air magi (Depths:4)
  6 alligators
  2 deep troll earth magi
  6 centaur warriors
  6 deep troll shamans
  6 ogre magi
  A spriggan berserker (Depths:4)
  3 death yaks (Lair:6)
  3 spriggans
  Urug (Swamp:1)
  3 wizards
  5 hell knights (Depths:4)
  2 skeletal warriors (D:15)
  A wretched star (Abyss:1)
  A salamander mystic (Depths:2)
  A shadow wraith (Vaults:2)
  A spatial maelstrom (Abyss:1)
  4 catoblepae
  2 iron trolls
  10 swamp dragons (Swamp:5)
  A fire crab (Vaults:1)
  A spriggan druid (Swamp:5)
  An unseen horror (D:13)
  3 deep elf knights
  7 deep trolls
  A golden dragon skeleton (Depths:4)
  Erolcha (D:9)
  2 shambling mangroves
  Pikel (D:9)
  7 ironbrand convokers
  5 orc knights
  A flayed ghost (Vaults:3)
  4 deep elf conjurers (Depths:3)
  4 manticores
  2 red wasps (Spider:5)
  A mana viper (shapeshifter) (Vaults:5)
  9 griffons
  4 orc sorcerers
  A worldbinder (Abyss:1)
  5 necromancers
  A shadow dragon skeleton (Depths:4)
  16 wolf spiders
  An oklob plant (Orc:4)
  9 orb spiders
  4 cyclopes
  26 ugly things
  3 salamanders (Depths:2)
  A red wasp (shapeshifter) (Depths:2)
  3 black mambas
  2 elf zombies (Depths:4)
  3 vault sentinels
  A dire elephant zombie (D:15)
  11 elephants (Lair:7)
  A fire giant skeleton (Depths:4)
  A phantasmal warrior (D:15)
  A smoke demon (Abyss:1)
  A sixfirhy (Abyss:1)
  2 eyes of devastation (Depths:3)
  A centaur zombie (D:15)
  A torpor snail (Depths:1)
  A centaur skeleton (D:15)
  2 gargoyles (D:14)
  A spriggan skeleton (Depths:4)
  A spriggan zombie (D:15)
  18 spiny frogs
  5 demonic crawlers
  A queen ant (Lair:5)
  7 fire drakes
  A hellwing (Orc:4)
  A yaktaur (shapeshifter) (Depths:2)
  13 komodo dragons
  18 yaktaurs
  A tengu conjurer (D:14)
  An ancient zyme (Abyss:1)
  A hydra zombie (D:15)
  4 giant leeches
  A freezing wraith (D:14)
  3 trolls
  24 jumping spiders
  22 blink frogs
  4 raiju (Abyss:1)
  A raven (shapeshifter) (D:14)
  A baby alligator (Spider:5)
  14 slime creatures
  8 two-headed ogres
  2 bog bodies
  An ettin zombie (Depths:4)
  An ice dragon zombie (D:15)
  3 basilisks (Lair:8)
  2 boulder beetles
  6 ravens
  7 deep elf magi
  22 redbacks
  26 yaks
  14 trapdoor spiders
  14 tarantellas
  6 wyverns
  5 hungry ghosts
  A water elemental (Abyss:1)
  3 fire elementals
  6 air elementals (Depths:4)
  A hippogriff (shapeshifter) (D:15)
  A human (D:14)
  3 deep elf fighters
  Grum (D:11)
  A neqoxec (Abyss:1)
  22 wolves
  26 vampire mosquitoes
  A naga (shapeshifter) (Depths:1)
  7 soldier ants (Lair:5)
  11 hippogriffs
  3 steam dragons
  9 swamp worms
  2 wargs
  A hill giant skeleton (D:8)
  2 mottled dragons
  Menkaure (D:6)
  A human zombie (D:15)
  A large abomination (Abyss:1)
  26 water moccasins
  6 ice beasts
  A spatial vortex (Abyss:1)
  A human skeleton (D:15)
  A fire dragon simulacrum (D:15)
  3 sky beasts
  23 spiders
  3 hell hounds (D:14)
  11 swamp drakes
  3 phantoms
  21 ogres
  14 porcupines
  5 yellow wasps
  2 black bears
  35 orc warriors
  A necrophage (D:14)
  An eye of draining (shapeshifter) (Depths:3)
  2 slaves (D:9)
  23 crocodiles
  5 centaurs
  2 brain worms
  A small abomination (Abyss:1)
  17 giant frogs
  Blork the orc (D:7)
  6 big kobolds (D:8)
  A warg zombie (Orc:4)
  A glowing shapeshifter simulacrum (Depths:4)
  10 wights
  9 killer bees
  3 scorpions
  3 electric eels
  A goliath beetle (D:6)
  2 jellies
  14 hounds
  5 crimson imps
  13 orc priests
  A quasit (D:14)
  An iron imp (Abyss:1)
  A giant frog skeleton (D:8)
  9 iguanas
  23 orc wizards
  42 worker ants
  3 orange rats (D:7)
  28 sheep
  A hound skeleton (D:7)
  29 green rats
  13 adders
  8 gnolls
  2 giant mites
  13 white imps
  2 shadow imps
  2 worms
  7 giant geckos
  An ooze (D:3)
  102 orcs
  22 bats
  4 giant cockroaches
  11 goblins
  12 hobgoblins
  19 jackals
  15 quokkas
  3 ball pythons
  A jackal zombie (D:7)
  14 kobolds
  2 orc skeletons
  4 orc zombies
  A quokka zombie (D:6)
  42 rats
  A rat zombie (D:5)
  7 fungi
  5 plants
  2 toadstools (D:1)
1470 creatures vanquished.

Vanquished Creatures (others)
  An unseen horror (D:14)
  A griffon (Lair:3)
  A yaktaur (Vaults:1)
  4 wolves (Lair:3)
  A swamp drake (Swamp:5)
  A porcupine (Lair:3)
  An ogre (Vaults:3)
  A worker ant (D:9)
  An orc (D:11)
  4 fungi
  3 plants
  2 starspawn tentacles (Abyss:1)
  2 toadstools (D:1)
23 creatures vanquished.

Grand Total: 1493 creatures vanquished

Notes
Turn   | Place    | Note
--------------------------------------------------------------
     0 | D:1      | ztt, the Minotaur Fighter, began the quest for the Orb.
     0 | D:1      | Reached XP level 1. HP: 19/19 MP: 1/1
   272 | D:1      | Reached skill level 4 in Fighting
   361 | D:1      | Reached XP level 2. HP: 27/27 MP: 1/1
   966 | D:2      | Reached XP level 3. HP: 33/33 MP: 2/2
  1366 | D:2      | Found a sparkling altar of Nemelex Xobeh.
  1491 | D:3      | Reached XP level 4. HP: 25/41 MP: 2/2
  1502 | D:3      | Reached skill level 5 in Armour
  1665 | D:3      | Reached skill level 5 in Fighting
  1665 | D:3      | Reached XP level 5. HP: 29/48 MP: 2/2
  1753 | D:3      | Noticed a giant frog
  1761 | D:3      | Killed a giant frog
  2164 | D:3      | Found a deep blue altar of Sif Muna.
  2200 | D:3      | Found a glowing drain.
  2277 | D:4      | Noticed a phantom
  2291 | D:4      | Killed a phantom
  2291 | D:4      | Reached skill level 6 in Armour
  2291 | D:4      | Reached XP level 6. HP: 49/56 MP: 3/3
  2343 | D:4      | Found a bloodstained altar of Trog.
  2344 | D:4      | Found a shadowy altar of Dithmenos.
  2352 | D:4      | Found an iron altar of Okawaru.
  2391 | D:4      | Became a worshipper of Warmaster Okawaru
  2449 | D:4      | Reached skill level 5 in Axes
  3082 | D:5      | Entered Level 5 of the Dungeon
  3160 | D:5      | Reached XP level 7. HP: 62/62 MP: 3/3
  3204 | D:5      | Reached skill level 7 in Armour
  4353 | D:6      | Acquired Okawaru's first power
  4380 | D:6      | Reached skill level 8 in Armour
  4380 | D:6      | Reached XP level 8. HP: 47/71 MP: 3/3
  4462 | D:6      | Noticed Menkaure
  4473 | D:6      | Killed Menkaure
  4500 | D:6      | Found a shattered altar of Ashenzari.
  4651 | D:6      | Found a staircase to the Ecumenical Temple.
  4819 | D:7      | Found a radiant altar of Vehumet.
  4838 | D:7      | Noticed Blork the orc
  4842 | D:7      | Killed Blork the orc
  4898 | D:7      | Reached skill level 9 in Armour
  5483 | D:8      | Reached XP level 9. HP: 81/81 MP: 4/4
  5930 | D:8      | Reached skill level 10 in Axes
  5930 | D:8      | Reached skill level 10 in Armour
  6436 | D:9      | Found a staircase to the Orcish Mines.
  6480 | D:9      | Reached XP level 10. HP: 89/93 MP: 5/5
  6536 | D:9      | Noticed Pikel
  6550 | D:9      | Killed Pikel
  6550 | D:9      | Reached skill level 10 in Fighting
  6550 | D:9      | Reached skill level 11 in Axes
  6848 | D:9      | Found a staircase to the Lair.
  6869 | D:9      | Found Triapim's Jewellery Shoppe.
  6992 | D:9      | Noticed Erolcha
  7000 | D:9      | Killed Erolcha
  7000 | D:9      | Acquired Okawaru's second power
  7199 | Lair:1   | Entered Level 1 of the Lair of Beasts
  7281 | Lair:1   | Reached skill level 12 in Axes
  7571 | Lair:1   | Noticed Fannar
  7599 | Lair:1   | Received a gift from Okawaru
  7661 | Lair:1   | Killed Fannar
  7661 | Lair:1   | Reached XP level 11. HP: 74/102 MP: 5/5
  7758 | Lair:1   | Noticed an eight-headed hydra
  7858 | Lair:2   | Found a glowing golden altar of the Shining One.
  7995 | Lair:2   | Reached skill level 13 in Axes
  9373 | Lair:3   | Received a gift from Okawaru
  9373 | Lair:3   | Reached skill level 14 in Axes
  9376 | Lair:3   | Got a distressingly furry hat {god gift}
  9382 | Lair:3   | Identified the +1 hat of Brilliance {Int+3 Dex-4} (Okawaru gifted it to you on level 3 of the Lair of Beasts)
  9556 | Lair:3   | Noticed Rupert
  9556 | Lair:3   | Noticed an eight-headed hydra
  9875 | Lair:3   | Reached XP level 12. HP: 73/113 MP: 6/6
  9926 | Lair:3   | Killed Rupert
 10617 | Lair:4   | Noticed Snorg
 10628 | Lair:4   | Killed Snorg
 10628 | Lair:4   | Reached skill level 15 in Axes
 10638 | Lair:4   | HP: 4/115 [giant leech (21)]
 11191 | Lair:4   | Found a staircase to the Swamp.
 11530 | Lair:5   | Identified the Grimoire of Gliding Attacks
 11561 | Lair:5   | Received a gift from Okawaru
 11584 | Lair:5   | Got an encrusted executioner's axe {god gift}
 11831 | Lair:5   | Received a gift from Okawaru
 11834 | Lair:5   | Got a pair of crude boots {god gift}
 11840 | Lair:5   | Identified the +0 pair of boots of Filth {Dex+5} (Okawaru gifted it to you on level 5 of the Lair of Beasts)
 11882 | Lair:5   | Found a hole to the Spider Nest.
 12006 | Lair:5   | Reached skill level 16 in Axes
 12075 | Lair:5   | Found a dark tunnel.
 12315 | Lair:5   | Reached XP level 13. HP: 123/123 MP: 6/6
 12612 | Lair:6   | Found a viscous altar of Jiyva.
 12612 | Lair:6   | Found a staircase to the Slime Pits.
 12789 | Lair:6   | Found a blossoming altar of Fedhas.
 13452 | Lair:7   | Identified the +2 executioner's axe "Dosiyck" {chop, rElec rF- MR++} (Okawaru gifted it to you on level 5 of the Lair of Beasts)
 13650 | Lair:7   | Received a gift from Okawaru
 13652 | Lair:7   | Reached skill level 17 in Axes
 14010 | Lair:7   | Reached skill level 15 in Fighting
 14184 | Lair:8   | Entered Level 8 of the Lair of Beasts
 14350 | Lair:8   | Reached skill level 15 in Armour
 14431 | Lair:8   | Found a frozen archway.
 15646 | Lair:8   | Reached skill level 18 in Axes
 15646 | Lair:8   | Reached XP level 14. HP: 126/135 MP: 6/6
 15776 | Lair:8   | Received a gift from Okawaru
 16129 | Spider:1 | Entered Level 1 of the Spider Nest
 17250 | Spider:5 | Entered Level 5 of the Spider Nest
 17287 | Spider:4 | HP: 6/137 [poisoned by a jumping spider]
 17292 | Spider:4 | HP: 5/137 [poisoned by a jumping spider]
 17299 | Spider:4 | HP: 4/137 [poisoned by a jumping spider]
 17306 | Spider:4 | HP: 4/137 [poisoned by a jumping spider]
 17314 | Spider:4 | HP: 5/137 [poisoned by a jumping spider]
 17812 | Spider:4 | Killed a ghost moth
 18158 | Spider:5 | Noticed Arachne
 18597 | Spider:4 | Reached skill level 1 in Evocations
 18631 | Spider:4 | Killed a ghost moth
 18986 | Spider:5 | Noticed Aizul
 19123 | Spider:5 | Reached skill level 19 in Axes
 19236 | Spider:5 | Killed Aizul
 19437 | Spider:5 | Killed Arachne
 19492 | Spider:5 | Reached XP level 15. HP: 142/145 MP: 18/18
 19656 | Spider:5 | Received a gift from Okawaru
 19698 | Spider:5 | Killed a ghost moth
 19709 | Spider:5 | Identified a scroll of acquirement
 20139 | Spider:5 | Reached skill level 5 in Evocations
 20472 | Spider:5 | Killed a ghost moth
 20609 | Spider:5 | Killed a ghost moth
 20609 | Spider:5 | Received a gift from Okawaru
 20893 | Spider:5 | Noticed an emperor scorpion
 20893 | Spider:5 | Noticed an emperor scorpion
 20894 | Spider:5 | Noticed an emperor scorpion
 20895 | Spider:5 | Noticed an emperor scorpion
 20918 | Spider:5 | Killed a ghost moth
 20923 | Spider:5 | Killed a ghost moth
 20931 | Spider:5 | Got a gossamer rune of Zot
 21254 | Spider:5 | Killed an emperor scorpion
 21254 | Spider:5 | Reached skill level 1 in Invocations
 21285 | Spider:5 | Killed an emperor scorpion
 21314 | Spider:5 | Reached skill level 20 in Axes
 21380 | Spider:5 | HP: 7/147 [poisoned by an emperor scorpion]
 21385 | Spider:5 | HP: 4/147 [poisoned by an emperor scorpion]
 21390 | Spider:5 | HP: 3/147 [poisoned by an emperor scorpion]
 21397 | Spider:5 | HP: 2/147 [poisoned by an emperor scorpion]
 21404 | Spider:5 | HP: 2/147 [poisoned by an emperor scorpion]
 21412 | Spider:5 | HP: 3/147 [poisoned by an emperor scorpion]
 21990 | Swamp:1  | Entered Level 1 of the Swamp
 22121 | Swamp:1  | Noticed Urug
 22133 | Swamp:1  | Killed Urug
 22361 | Swamp:3  | Noticed Donald
 22402 | Swamp:3  | Killed Donald
 23224 | Swamp:5  | Entered Level 5 of the Swamp
 23802 | Swamp:5  | Received a gift from Okawaru
 23807 | Swamp:5  | Reached XP level 16. HP: 157/157 MP: 18/18
 24895 | Swamp:5  | Noticed the 27-headed Lernaean hydra
 24912 | Swamp:5  | Killed the 27-headed Lernaean hydra
 25167 | Swamp:5  | Got a decaying rune of Zot
 25475 | Lair:1   | Killed an eight-headed hydra
 25567 | Orc:1    | Entered Level 1 of the Orcish Mines
 25583 | Orc:4    | Entered Level 4 of the Orcish Mines
 25741 | Orc:4    | Found a roughly hewn altar of Beogh.
 25852 | Orc:4    | Received a gift from Okawaru
 26077 | Orc:4    | Found a roughly hewn altar of Beogh.
 26090 | Orc:4    | Found Hoox's Magic Scroll Boutique.
 26095 | Orc:4    | Bought a scroll of enchant armour for 97 gold pieces
 26095 | Orc:4    | Bought a scroll of enchant armour for 97 gold pieces
 26159 | Orc:4    | Reached skill level 21 in Axes
 26327 | Orc:4    | Found a roughly hewn altar of Beogh.
 26341 | Orc:4    | Found Atoimeock's Antique Armour Shop.
 26351 | Orc:4    | Bought a dazzling cloak for 294 gold pieces
 26362 | Orc:4    | Identified the +0 cloak "Yfak" {rF++} (You bought it in a shop on level 4 of the Orcish Mines)
 26555 | Orc:4    | Found Luxt's Antique Armour Shoppe.
 26555 | Orc:4    | Found a roughly hewn altar of Beogh.
 26579 | Orc:4    | Found Cosaghid's Antique Weapon Emporium.
 26588 | Orc:4    | Bought a twisted plate armour for 952 gold pieces
 26588 | Orc:4    | Bought a pair of embroidered boots for 153 gold pieces
 26622 | Orc:4    | Identified the cursed +10 plate armour of the Blacksmith {Str+3 Dex+2} (You bought it in a shop on level 4 of the Orcish Mines)
 26746 | D:10     | Entered Level 10 of the Dungeon
 26893 | D:11     | Noticed Grum
 26907 | D:11     | Killed Grum
 27456 | D:13     | You fall through a shaft!
 27513 | D:14     | Found Clal's Antique Armour Emporium.
 27627 | D:14     | Bought a pair of crude boots for 389 gold pieces
 27638 | D:14     | Identified the +1 pair of boots "Padusab" {Str+3 Int+4} (You bought it in a shop on level 14 of the Dungeon)
 27689 | D:14     | Found a portal to a secret trove of treasure.
 27732 | D:14     | Noticed Azrael
 27741 | D:14     | Killed Azrael
 27998 | D:14     | Found a roughly hewn altar of Beogh.
 28206 | D:14     | Reached XP level 17. HP: 168/168 MP: 19/19
 28342 | D:14     | Found a gate to the Vaults.
 28360 | D:14     | Received a gift from Okawaru
 28383 | Vaults:1 | Entered Level 1 of the Vaults
 28408 | Vaults:1 | Reached skill level 22 in Axes
 28886 | Vaults:2 | Noticed Frederick
 28903 | Vaults:2 | Killed Frederick
 28903 | Vaults:2 | Received a gift from Okawaru
 29028 | Vaults:2 | Found Honwet's General Store.
 29075 | Vaults:2 | Bought 2 potions of heal wounds for 160 gold pieces
 29075 | Vaults:2 | Bought a meat ration for 80 gold pieces
 29075 | Vaults:2 | Bought a bread ration for 80 gold pieces
 29200 | Vaults:3 | Paralysed by an ogre mage for 3 turns
 29424 | Vaults:3 | Noticed a lich
 29438 | Vaults:3 | Killed a lich
 29468 | Vaults:3 | Found Twasunwe's Antique Weapon Shoppe.
 29499 | Vaults:3 | Reached skill level 23 in Axes
 29661 | Vaults:5 | Entered Level 5 of the Vaults
 29693 | Vaults:4 | Reached XP level 18. HP: 164/180 MP: 12/20
 29732 | Vaults:5 | Received a gift from Okawaru
 29837 | Vaults:5 | Noticed a tentacled monstrosity
 29850 | Vaults:5 | Killed a tentacled monstrosity
 29850 | Vaults:5 | Reached skill level 5 in Invocations
 29956 | Vaults:5 | Noticed a tentacled monstrosity
 29969 | Vaults:5 | Killed a tentacled monstrosity
 30121 | Vaults:5 | Reached skill level 24 in Axes
 30209 | Vaults:5 | Received a gift from Okawaru
 30278 | Vaults:5 | Got a silver rune of Zot
 30619 | Vaults:1 | Cast into the Abyss (an ogre mage)
 30759 | Abyss:1  | Noticed a bone dragon
 30776 | Abyss:1  | Killed a bone dragon
 30789 | Abyss:1  | Gained mutation: You have difficulty communicating with the divine. [a neqoxec]
 30802 | Abyss:1  | Reached XP level 19. HP: 150/190 MP: 20/23
 30874 | Abyss:1  | Found a corrupted altar of Lugonu.
 30882 | Abyss:1  | Found a corrupted altar of Lugonu.
 30885 | Abyss:1  | Found a corrupted altar of Lugonu.
 30905 | Vaults:1 | Escaped the Abyss
 30970 | D:15     | Entered Level 15 of the Dungeon
 31103 | D:15     | Noticed Josephine
 31111 | D:15     | Killed Josephine
 31127 | D:15     | Noticed Louise
 31133 | D:15     | Killed Louise
 31153 | D:15     | Found a staircase to the Depths.
 31209 | Depths:1 | Entered Level 1 of the Depths
 31510 | Depths:2 | Received a gift from Okawaru
 31510 | Depths:2 | Reached skill level 25 in Axes
 31855 | Depths:3 | Found a one-way gate leading to the halls of Pandemonium.
 32246 | Depths:4 | Found a one-way gate to the infinite horrors of the Abyss.
 32649 | Depths:4 | Reached XP level 20. HP: 90/201 MP: 8/27
 33005 | Depths:4 | Noticed a caustic shrike
 33005 | Depths:4 | Noticed a caustic shrike
 33005 | Depths:4 | Noticed a golden dragon
 33006 | Depths:4 | Noticed a caustic shrike
 33007 | Depths:4 | Noticed a golden dragon
 33021 | Depths:4 | Killed a golden dragon
 33023 | Depths:4 | Killed a caustic shrike
 33023 | Depths:4 | Reached skill level 26 in Axes
 33027 | Depths:4 | Mangled by a caustic shrike

Action                   |  1- 3 |  4- 6 |  7- 9 | 10-12 | 13-15 | 16-18 | 19-21 || total
-------------------------+-------+-------+-------+-------+-------+-------+-------++-------
Melee: War axe           |    64 |   134 |   331 |   342 |       |       |       ||   871
       Battleaxe         |       |       |       |   268 |  1142 |  1165 |   604 ||  3179
       Dire flail        |       |       |       |       |    38 |   208 |       ||   246
Invok: Heroism           |       |       |     1 |       |     4 |     2 |       ||     7
       Finesse           |       |       |       |       |       |     6 |     2 ||     8
Evoke: Wand              |       |       |       |       |     8 |       |       ||     8
  Use: Scroll            |    10 |     4 |     2 |    15 |    17 |     9 |     2 ||    59
       Potion            |       |     2 |     1 |     9 |     9 |     1 |       ||    22
 Stab: Distracted        |       |       |       |       |     1 |       |       ||     1
  Eat: Chunk             |       |     3 |       |     1 |     5 |     3 |       ||    12
       Pizza             |       |     2 |       |     2 |     1 |       |       ||     5
       Fruit             |       |       |     4 |     7 |     8 |       |     3 ||    22
       Bread ration      |       |       |     1 |     2 |     6 |     3 |       ||    12
       Beef jerky        |       |       |     2 |     1 |     1 |     3 |       ||     7
       Meat ration       |       |       |     1 |       |     2 |     1 |       ||     4
       Royal jelly       |       |       |       |       |       |     2 |     2 ||     4
